 Dungeon Crawl Stone Soup version 0.29.1-13-g9f3cf754e1 (webtiles) character file.

Game seed: 13064821939525927119

532 EmilyW the Covered (level 7, -3/60 HPs)
             Began as a Minotaur Fighter on Jan 25, 2023.
             Was an Initiate of Nemelex Xobeh.
             Slain by an orc warrior
             ... wielding a +0 flail
              (11 damage)
             ... on level 6 of the Dungeon.
             The game lasted 00:19:33 (3954 turns).

EmilyW the Covered (Minotaur Fighter)               Turns: 3954, Time: 00:19:33

Health: -3/60      AC: 12    Str: 20    XL:     7   Next: 3%
Magic:  6/6        EV:  6    Int:  5    God:    Nemelex Xobeh [......]
Gold:   131        SH: 10    Dex: 12    Spells: 6/6 levels left

rFire   . . .      SeeInvis .   a - +0 war axe
rCold   . . .      Faith    .   c - +0 buckler
rNeg    . . .      Spirit   .   x - +0 plate armour
rPois   .          Reflect  +   (helmet restricted)
rElec   .          Harm     .   (no cloak)
rCorr   .          Rampage  .   (no gloves)
Will    .....                   (no boots)
Stlth   ..........              n - amulet of reflection
HPRegen 0.20/turn               (no ring)
MPRegen 0.10/turn               (no ring)

@: no status effects
A: horns 2, retaliatory headbutt
a: Renounce Religion, Draw Escape, Draw Destruction, Draw Summoning


You were on level 6 of the Dungeon.
You worshipped Nemelex Xobeh.
Nemelex Xobeh was noncommittal.
You visited 2 branches of the dungeon, and saw 6 of its levels.

You collected 262 gold pieces.
You spent 131 gold pieces at shops.

Inventory:

Hand Weapons
 a - a +0 war axe (weapon)
 A - a +1 vorpal hand axe
Missiles
 w - 6 poisoned darts (quivered)
Armour
 c - a +0 buckler (worn)
 x - a +0 plate armour (worn)
Jewellery
 n - an amulet of reflection (around neck)
Wands
 m - a wand of paralysis (10)
 z - a wand of flame (17)
Scrolls
 b - 2 scrolls of summoning {unknown}
 g - 2 scrolls of fear
 i - 3 scrolls of teleportation
 j - a scroll of fog {unknown}
 k - a scroll of enchant armour {unknown}
 p - a scroll of acquirement {unknown}
 t - 2 scrolls of enchant weapon {unknown}
 u - 2 scrolls of immolation {unknown}
 y - 2 scrolls of noise {unknown}
Potions
 d - 2 potions of might
 e - a potion of brilliance {unknown}
 f - a potion of magic {unknown}
 h - a potion of cancellation {unknown}
 l - 3 potions of curing
 o - a potion of berserk rage {unknown}
 q - a potion of lignification {unknown}
 r - 2 potions of flight {unknown}
 v - 2 potions of attraction {unknown}


   Skills:
 + Level 4.8 Fighting
 + Level 5.5 Axes
 + Level 1.0 Throwing
 + Level 5.8 Armour
 + Level 1.4 Dodging
 + Level 0.6 Stealth
 + Level 5.1 Shields


You had 6 spell levels left.
You didn't know any spells.
Your spell library contained the following spells:

 Spells                   Type           Power      Damage    Failure   Level
 Slow                     Hex            0%         N/A       100%        1
 Ensorcelled Hibernation  Hex/Ice        0%         N/A       100%        2
 Passwall                 Tmut/Erth      0%         N/A       100%        2
 Sublimation of Blood     Necr           0%         N/A       100%        2
 Confusing Touch          Hex            0%         N/A       100%        3
 Swiftness                Air            0%         N/A       100%        3
 Vampiric Draining        Necr           0%         2d6       100%        3
 Petrify                  Tmut/Erth      0%         N/A       100%        4
 Irradiate                Conj/Tmut      0%         3d11      100%        5


Dungeon Overview and Level Annotations

Branches:
Dungeon (4/15)             Temple (1/1) D:4

Altars:
Ashenzari
Dithmenos
Elyvilon
Gozag
Hepliaklqana
Makhleb
Nemelex Xobeh
Qazlal
Ru
Trog
Uskayaw
Vehumet
Wu Jian
Xom
Yredelemnul
Zin

Shops:
D:2 !(!!*


Innate Abilities, Weirdness & Mutations

You have a pair of horns on your head.
You reflexively headbutt those who attack you in melee.


Message History

You closely miss the orc warrior.
The orc warrior is severely wounded.
The orc warrior hits you with a +0 flail!!
* * * LOW HITPOINT WARNING * * *
You hit the orc warrior but do no damage.
The orc warrior is severely wounded.
You block the orc warrior's attack.
You hit the orc warrior but do no damage.
The orc warrior is severely wounded.
You block the orc warrior's attack. x2
You hit the orc warrior.
The orc warrior is severely wounded.
You block the orc warrior's attack.
You barely miss the orc warrior.
The orc warrior is severely wounded.
You block the orc warrior's attack.
You feel much better.
The orc warrior hits you with a +0 flail!
* * * LOW HITPOINT WARNING * * *
You barely miss the orc warrior. Your headbutt misses the orc warrior.
The orc warrior is severely wounded.
The orc warrior completely misses you.
You closely miss the orc warrior.
The orc warrior is severely wounded.
The orc warrior hits you with a +0 flail!
* * * LOW HITPOINT WARNING * * *
The orc warrior hits you with a +0 flail.
* * * LOW HITPOINT WARNING * * *
You hit the orc warrior.
The orc warrior is almost dead.
The orc warrior barely misses you.
You closely miss the orc warrior. Your headbutt misses the orc warrior.
The orc warrior is almost dead.
The orc warrior hits you but does no damage.
You hit the orc warrior but do no damage.
The orc warrior is almost dead.
The orc warrior hits you but does no damage.
The orc warrior hits you with a +0 flail!
You die...
Your body disappears without a glow.

#......# #.###### #.#
#....... #.# #....... .#
####.# #....... ...
#..).####### ......
...##....#.....######...#
........)#.##..........##
.#.#.###.#@##...........#
.......#.#o##...........#
.#.#.o...#{#............#
.....#.o.#.#..........[.#
.#. #...#..............#
. #.#>......########)##.
#.#.#<....##.......[..
#.#.#.....##......))..
#.###.....##..........


You could see an orc warrior.

Vanquished Creatures
  Sigmund (D:2)
  A necrophage (D:4)
  A gnoll bouda (D:4)
  An orc priest (D:3)
  3 orc wizards
  8 gnolls
  2 adders
  An ufetubus (D:4)
  3 dart slugs
  A worm (D:3)
  17 orcs
  6 endoplasms
  A giant cockroach (D:1)
  2 goblins
  4 hobgoblins
  3 quokkas
  2 ball pythons
  3 bats
  5 frilled lizards
  6 kobolds
  5 rats
76 creatures vanquished.

Vanquished Creatures (others)
  4 plants (D:3)
4 creatures vanquished.

Grand Total: 80 creatures vanquished

Notes
Turn   | Place    | Note
-------+----------+-------------------------------------------
     0 | D:1      | EmilyW the Minotaur Fighter began the quest for the Orb.
     0 | D:1      | Reached XP level 1. HP: 19/19 MP: 0/0
   101 | D:1      | Reached XP level 2. HP: 27/27 MP: 1/1
   835 | D:2      | Found Edghoref's Distillery.
   842 | D:2      | Bought a potion of curing for 33 gold pieces
   885 | D:2      | Found Roalum's General Store.
   898 | D:2      | Bought a scroll of identify for 28 gold pieces
  1008 | D:2      | Reached XP level 3. HP: 33/33 MP: 2/2
  1098 | D:2      | Found Woymatuk's Antique Weapon Shoppe.
  1109 | D:2      | Noticed Sigmund
  1116 | D:2      | Killed Sigmund
  1117 | D:2      | Reached skill level 1 in Dodging
  1117 | D:2      | Reached XP level 4. HP: 27/41 MP: 3/3
  1117 | D:2      | Reached XP level 5. HP: 31/47 MP: 4/4
  1226 | D:2      | Found Enner's Distillery.
  1242 | D:2      | Bought a potion of heal wounds for 70 gold pieces
  1500 | D:2      | Found Darutyg's Distillery.
  1701 | D:2      | Reached skill level 5 in Armour
  2000 | D:3      | Reached XP level 6. HP: 53/53 MP: 5/5
  2009 | D:3      | Reached skill level 5 in Shields
  2017 | D:3      | Reached skill level 5 in Axes
  2179 | D:3      | Found a faded altar of an unknown god.
  2333 | D:3      | Found a white marble altar of Elyvilon.
  2900 | D:4      | Found a staircase to the Ecumenical Temple.
  2944 | Temple   | Entered the Ecumenical Temple
  2973 | Temple   | Became a worshipper of Nemelex Xobeh the Trickster
  3556 | D:4      | Reached skill level 1 in Throwing
  3748 | D:4      | You fall into a shaft and drop 2 floors!
  3805 | D:6      | Reached XP level 7. HP: 48/60 MP: 6/6
  3954 | D:6      | Slain by an orc warrior

Illustrated notes

Levels and vault maps discovered:
D:1:      erik_arrival_blinker_ship, layout_basic, minmay_small_reverse_x
D:2:      layout_basic, serial_shops, nicolae_shop_hallway_plus, shop_statue,
          shop, nicolae_shop_waterfront, nicolae_shop_behind_doors,
          kennysheep_donut, uniq_sigmund
D:3:      layout_loops_corners, nicolae_elyvilon_temple_path,
          shapermc_ecumenical_altar_starsandcircs
D:4:      layout_rooms, minmay_temple_entry_sparse_star
D:6:      layout_basic, serial_shops, nicolae_shop_behind_doors, serial_glass,
          glass_columns_a, glass_columns_b, glass_columns_c, glass_columns_c,
          glass_columns_a, glass_columns_c
Temple:   nicolae_temple_bog_church

Skill      XL: |  1  2  3  4  5  6 |
---------------+-------------------+-----
Armour         | 4 5 |  5.8
Shields        | 4 5 |  5.1
Fighting       | 4 |  4.8
Axes           | 4 5 |  5.5
Dodging        | 1 |  1.4
Throwing       | 1 |  1.0
Stealth        | |  0.6

Action                   |  1- 3 |  4- 6 |  7- 9 || total
-------------------------+-------+-------+-------++-------
Melee: War axe           |    57 |    97 |    37 ||   191
       Headbutt          |     4 |    19 |     2 ||    25
Throw: Dart              |       |    24 |       ||    24
  Use: Scroll            |     1 |     2 |       ||     3
       Potion            |       |     1 |     2 ||     3
Armor: Scale mail        |    26 |    19 |       ||    45
       Plate armour      |       |    29 |     8 ||    37
       Chain mail        |       |    11 |       ||    11
Dodge: Dodged            |    18 |    41 |     6 ||    65
Block: Buckler           |    18 |    43 |    29 ||    90
       Reflection        |     2 |       |       ||     2
